 Dungeon Sprint DCSS version 0.30-a0-4-ga7cffc901d (webtiles) character file.

Game seed: 15828705105127732623

46932 mhtbhm the Ninja (level 13, -10/111 HPs)
             Began as a Spriggan Brigand on Aug 21, 2022.
             Was the Champion of Dithmenos.
             Mangled by a +2 flail of venom (11 damage)
             ... in the Dungeon (Sprint III: "The Ten Rune Challenge").
             The game lasted 00:17:59 (4489 turns).

mhtbhm the Ninja (Spriggan Brigand)                 Turns: 4489, Time: 00:17:59

Health: -10/111    AC: 26    Str:  8    XL:     13   Next: 39%
Magic:  26/26      EV:  4    Int: 11    God:    Dithmenos [******]
Gold:   1452       SH:  5    Dex: 29    Spells: 9/12 levels left

rFire   . . .      SeeInvis +    a - +4 rapier "Leviticus" {venom, Will+ Int+4}
rCold   . . .      Faith    .    (no shield)
rNeg    . . .      Spirit   .    (body armour currently unavailable)
rPois   +          Reflect  +    (helmet currently unavailable)
rElec   .          Harm     .    (cloak currently unavailable)
rCorr   .          Rampage  +    (gloves unavailable)
Will    +++..      NoTele   +    (boots unavailable) Stlth **********
                                 y - amulet of Tieb {Reflect Rampage Str+2 Int-4 Dex+3 SH+5}
HPRegen 0.28/turn                (no ring)
MPRegen 0.20/turn                (no ring)

@: lethally poisoned (-10 -> -23), tree-form, wreathed by umbra, studying
Throwing
A: stationary, stasis, torment immunity, boosted hp, very small, no large
weapons, unfitting armour, see invisible, (speed 3), (iridescent scales 1),
agile 1, wild magic 1
}: 1/10 runes: serpentine
a: Renounce Religion, Shadow Step, Shadow Form


You were in the Dungeon.
You worshipped Dithmenos.
Dithmenos was exalted by your worship.
You were a tree.
You visited 1 branch You collected 3416 gold pieces.
You spent 1964 gold pieces at shops.

Inventory:

Hand Weapons
 a - the +4 rapier "Leviticus" (weapon) {venom, Will+ Int+4}
   (You bought it in a shop in the Dungeon)

   It poisons the flesh of those it strikes.
   Int:       It affects your intelligence (+4).
   Will:      It increases your willpower.
Missiles
 d - 8 poisoned darts
 e - 7 curare-tipped darts (quivered)
 o - 10 atropa-tipped darts
Armour
 b - the +2 robe of Omission (melded) {rC+}
   (You bought it in a shop in the Dungeon)

   rC:        It protects you from cold.
 c - a +2 cloak of preservation
 z - a +1 hat (melded)
 C - a scarf of repulsion (melded)
Jewellery
 y - the amulet of Tieb (around neck) {Reflect Rampage Str+2 Int-4 Dex+3 SH+5}
   (You bought it in a shop in the Dungeon)

   [amulet of reflection]

   It reflects blocked missile attacks.
   Str:       It affects your strength (+2).
   Int:       It affects your intelligence (-4).
   Dex:       It affects your dexterity (+3).
   SH:        It affects your SH (+5).
   Rampage:   It bestows one free step when moving towards enemies.
Wands
 h - a wand of flame (20)
 t - a wand of iceblast (1)
Scrolls
 k - a scroll of blinking
 l - a scroll of amnesia
 n - a scroll of poison
 q - a scroll of torment
 r - a scroll of silence
 v - a scroll of fear
 w - 2 scrolls of fog
 x - a scroll of immolation
Potions
 i - 2 potions of magic
 m - a potion of mutation
 s - 2 potions of flight
 B - a potion of attraction {unknown}
Miscellaneous
 u - a lightning rod (4/4)


   Skills:
 + Level 11.2 Fighting
 + Level 17.2 Short Blades
 + Level 13.0 Throwing
 + Level 13.0 Dodging
 O Level 27 Stealth
 + Level 2.8 Shields
 * Level 16.5 Invocations
 + Level 13.0 Evocations


You had 9 spell levels left.
You knew the following spells:

 Your Spells              Type           Power      Damage    Failure   Level
a - Mephitic Cloud        Conj/Pois/Air  0%         N/A       78%         3

Your spell library contained the following spells:

 Spells                   Type           Power      Damage    Failure   Level
 Magic Dart               Conj           0%         1d3       43%         1
 Call Imp                 Summ           0%         N/A       56%         2


Dungeon Overview and Level Annotations

Branches:
Dungeon (1/1)

Altars:
Cheibriados
Dithmenos
Elyvilon
Fedhas
Gozag
Hepliaklqana
Kikubaaqudgha
Makhleb
Nemelex Xobeh
Okawaru
Qazlal
Ru
Sif Muna
Trog
Uskayaw
Vehumet
Wu Jian
Xom
Yredelemnul
Zin
The Shining One
Jiyva
Lugonu

Shops:
D =?[[:?*[*(:!*=(

Annotations:
D exclusion: 2 statues


Innate Abilities, Weirdness & Mutations

You are a tree.
Your roots penetrate the ground, keeping you stationary.
You cannot be teleported.
You are immune to unholy pain and torment.
Your maximum health is greatly increased.
Your equipment is partially melded.
You are very small and have problems with some larger weapons.
You are too small for most types of armour.
You have supernaturally acute eyesight. (SInv)
((You cover ground extremely quickly. (Speed+++)))
((You are partially covered in iridescent scales. (AC +2)))
You are agile. (Dex +4, Str/Int -1)
Your spells are a little harder to cast, but a little more powerful.


Message History

You cannot move. (Use ctrl+direction or * direction to attack while stationary and confused.)
You cannot move. (Use ctrl+direction or * direction to attack while stationary and confused.)
You cannot move. (Use ctrl+direction or * direction to attack while stationary and confused.)
You cannot move. (Use ctrl+direction or * direction to attack while stationary and confused.) Unknown command.
You miss the +2 flail of venom.
The +2 flail of venom is almost destroyed.
Your shadow hits the +2 flail of venom but does no damage.
You feel sick.
You attack the metal wall.
You feel sick.
The +2 flail of venom hits you but does no damage.
You are more poisoned.
You attack the metal wall.
You feel sick.
The +2 flail of venom hits you but does no damage.
You attack the metal wall.
You feel sick. The +2 flail of venom hits you.
* * * LOW HITPOINT WARNING * * *
You nearly hit yourself!
You feel very sick.
The +2 flail of venom hits you but does no damage.
You are lethally poisoned!
You swing at nothing.
* * * LOW HITPOINT WARNING * * *
You feel very sick. The +2 flail of venom hits you.
* * * LOW HITPOINT WARNING * * *
You hit the +2 flail of venom.
The +2 flail of venom is almost destroyed.
Your shadow hits the +2 flail of venom but does no damage.
* * * LOW HITPOINT WARNING * * *
You feel sick.
The +2 flail of venom hits you but does no damage.
You swing at nothing.
* * * LOW HITPOINT WARNING * * *
You feel sick. The +2 flail of venom hits you!
* * * LOW HITPOINT WARNING * * *
You attack the metal wall.
You feel less invigorated.
You feel less confused.
* * * LOW HITPOINT WARNING * * *
You feel sick. The +2 flail of venom hits you!
You die...

§≈≈#**~~~*,,,,,*,+,,,,,,,,,*
*≈≈§≈~~~~############****+**
*,≈≈≈~~~~#|..#)..#..#,,,,,,*
***≈≈~~~~#...#...#..#,,,,,,*
,,*,≈~~~~##'###'##..#,,,,,,*
,,***~~###.......'..#,,,,,,*
,,+,*,##.#.#####.####,,,,,,*
#######..'.#)..'.#..#,,,,,,*
......'..#######♣§§.#,,,,,,*
..########..,..#(####,,,,,,*
###.∩⌠⌠∩.#..#..#(#..#,,,,,,*
#§#.∩⌠⌠..#.#.#.#('..#,,,,,,*
§§#.∩∩∩∩.#.....#.#..#,,,,,,*
§.#.∩∩∩∩.#...(.#.#..+,,,,,,*
..#.)....#.#.#.'†#..#,,,,,,*
§.###''###..#..#.#..#,,,,,,*
§§#.⌠..⌠.#)....######*****+*


You could see 3 dancing weapons.

Vanquished Creatures
  Sigmund (D)
  Rupert (D)
  Gastronok (D)
  A nagaraja (D)
  2 dire elephants (D)
  A fire dragon (D)
  2 hydras (D)
  A centaur warrior (D)
  Erolcha (D)
  4 anacondas (D)
  A naga warrior (D)
  A dancing weapon (D)
  4 death yaks (D)
  Urug (D)
  A death drake (D)
  An orange crystal statue (D)
  A spriggan druid (D)
  A lindwurm (D)
  A deep elf pyromancer (D)
  4 crystal guardians (D)
  2 ugly things (D)
  A guardian serpent (D)
  2 elephants (D)
  3 black mambas (D)
  2 cane toads (D)
  Edmund (D)
  A rime drake (D)
  A komodo dragon (D)
  A queen bee (D)
  4 spriggan defenders (D)
  2 tyrant leeches (D)
  3 wandering mushrooms (D)
  8 blink frogs (D)
  3 orc high priests (D)
  A dream sheep (shapeshifter) (D)
  2 slime creatures (D)
  2 spriggans (D)
  A shadow (D)
  A spatial vortex (D)
  2 nagas (D)
  5 redbacks (D)
  5 water moccasins (D)
  A swamp drake (D)
  3 orc warriors (D)
  5 two-headed ogres (D)
  A necrophage (D)
  A water elemental (D)
  A scorpion (D)
  32 killer bees (D)
  An electric eel (D)
  A jelly (D)
  3 orc priests (D)
  A wizard (D)
  A necromancer (D)
  An orc wizard (D)
  3 humans (D)
  A kobold demonologist (D)
  3 adders (D)
  12 orcs (D)
  2 endoplasms (D)
  2 rats (D)
159 creatures vanquished.

Vanquished Creatures (others)
  12 plants (D)
12 creatures vanquished.

Grand Total: 171 creatures vanquished

Notes
Turn   | Place    | Note
-------+----------+-------------------------------------------
     0 | D        | mhtbhm the Spriggan Brigand began the quest for the Orb.
     0 | D        | Reached XP level 1. HP: 10/10 MP: 2/2
     5 | D        | Reached skill level 6 in Stealth
     8 | D        | Reached skill level 7 in Stealth
    45 | D        | Reached skill level 9 in Stealth
    45 | D        | Reached XP level 2. HP: 13/15 MP: 3/3
    53 | D        | Noticed a scorpion
    92 | D        | Killed a scorpion
    93 | D        | Reached skill level 11 in Stealth
    93 | D        | Reached XP level 3. HP: 19/19 MP: 4/4
    93 | D        | Reached XP level 4. HP: 23/23 MP: 5/5
   121 | D        | Gained mutation: You have large cloven feet. [potion of
                  | mutation]
   121 | D        | Gained mutation: You have a somewhat thin skeletal
                  | structure. (Dex +2, Stealth+) [potion of mutation]
   122 | D        | Lost mutation: You have a somewhat thin skeletal structure.
                  | (Dex +2, Stealth+) [potion of mutation]
   122 | D        | Lost mutation: You have large cloven feet. [potion of
                  | mutation]
   122 | D        | Gained mutation: You are agile. (Dex +4, Str/Int -1)
                  | [potion of mutation]
   122 | D        | Gained mutation: Your spells are a little harder to cast,
                  | but a little more powerful. [potion of mutation]
   122 | D        | Gained mutation: You are partially covered in iridescent
                  | scales. (AC +2) [potion of mutation]
   137 | D        | Noticed a water elemental
   139 | D        | Killed a water elemental
   140 | D        | Reached skill level 13 in Stealth
   140 | D        | Reached XP level 5. HP: 27/27 MP: 6/6
   150 | D        | Found a shadowy altar of Dithmenos.
   151 | D        | Found a basalt altar of Yredelemnul.
   151 | D        | Found a sacrificial altar of Ru.
   153 | D        | Reached skill level 14 in Stealth
   172 | D        | Reached skill level 5 in Short Blades
   172 | D        | Reached skill level 15 in Stealth
   175 | D        | Became a worshipper of Dithmenos the Shadowed
   375 | D        | Found a radiant altar of Vehumet.
   376 | D        | Found a shimmering blue altar of Sif Muna.
   376 | D        | Found an ancient bone altar of Kikubaaqudgha.
   378 | D        | Reached skill level 5 in Throwing
   378 | D        | Reached skill level 1 in Invocations
   380 | D        | Reached XP level 6. HP: 32/32 MP: 6/8
   394 | D        | Learned a level 3 spell: Mephitic Cloud
   396 | D        | Found a glowing silver altar of Zin.
   397 | D        | Found a glowing golden altar of the Shining One.
   397 | D        | Found a white marble altar of Elyvilon.
   397 | D        | Noticed a deep elf pyromancer
   399 | D        | Killed a deep elf pyromancer
   399 | D        | Reached * piety under Dithmenos
   400 | D        | Reached skill level 18 in Stealth
   400 | D        | Reached XP level 7. HP: 37/37 MP: 7/11
   433 | D        | Found a hide-covered altar of Uskayaw.
   433 | D        | Found an iron altar of Okawaru.
   434 | D        | Found a bloodstained altar of Trog.
   434 | D        | Found an ornate altar of the Wu Jian Council.
   434 | D        | Noticed a human
   434 | D        | Noticed a human
   436 | D        | Killed a human
   437 | D        | Reached skill level 5 in Invocations
   455 | D        | Killed a human
   456 | D        | Reached skill level 19 in Stealth
   589 | D        | Noticed a shadow
   591 | D        | Killed a shadow
   591 | D        | Reached ** piety under Dithmenos
   592 | D        | Reached XP level 8. HP: 42/42 MP: 13/13
   597 | D        | Found a blossoming altar of Fedhas.
   597 | D        | Found a stormy altar of Qazlal.
   599 | D        | Found a snail-covered altar of Cheibriados.
   599 | D        | Found a burning altar of Makhleb.
   599 | D        | Found a hazy altar of Hepliaklqana.
   599 | D        | Found a shimmering altar of Xom.
   599 | D        | Found an opulent altar of Gozag.
   599 | D        | Found a sparkling altar of Nemelex Xobeh.
   599 | D        | Found a corrupted altar of Lugonu.
   599 | D        | Found a viscous altar of Jiyva.
   633 | D        | Reached skill level 20 in Stealth
   641 | D        | Reached *** piety under Dithmenos
   779 | D        | Noticed a two-headed ogre
   782 | D        | Killed a two-headed ogre
   783 | D        | Reached skill level 5 in Fighting
   783 | D        | Reached skill level 1 in Evocations
   787 | D        | Noticed a two-headed ogre
   787 | D        | Noticed Erolcha
   789 | D        | Killed a two-headed ogre
   790 | D        | Reached skill level 21 in Stealth
   790 | D        | Reached XP level 9. HP: 47/47 MP: 13/15
   790 | D        | Killed Erolcha
   791 | D        | Reached skill level 5 in Dodging
   815 | D        | Reached **** piety under Dithmenos
   816 | D        | Reached skill level 22 in Stealth
   826 | D        | Noticed a wandering mushroom
   830 | D        | Noticed a wandering mushroom
   832 | D        | Noticed a wandering mushroom
   833 | D        | Killed a wandering mushroom
   838 | D        | Killed a wandering mushroom
  1048 | D        | Reached ***** piety under Dithmenos
  1053 | D        | Reached ****** piety under Dithmenos
  1064 | D        | Found Cacyuta Unio's Antique Armour Boutique.
  1185 | D        | Noticed Sigmund
  1185 | D        | Noticed Edmund
  1187 | D        | Killed Edmund
  1188 | D        | Reached skill level 23 in Stealth
  1188 | D        | Reached XP level 10. HP: 48/53 MP: 12/17
  1188 | D        | Killed Sigmund
  1189 | D        | Reached skill level 10 in Short Blades
  1189 | D        | Reached skill level 10 in Throwing
  1189 | D        | Reached skill level 24 in Stealth
  1189 | D        | Reached skill level 10 in Invocations
  1189 | D        | Reached skill level 5 in Evocations
  1245 | D        | Reached skill level 25 in Stealth
  1389 | D        | Reached XP level 11. HP: 54/58 MP: 15/20
  1430 | D        | Noticed an orange crystal statue
  1442 | D        | Found Jora's Antique Weapon Emporium.
  1442 | D        | Found Nyfuasen's Distillery.
  1442 | D        | Found Qoixuluf's Antique Weapon Shoppe.
  1442 | D        | Found Tuzxis's General Store.
  1442 | D        | Found Ufai's Book Emporium.
  1442 | D        | Found Feisar's Jewellery Shop.
  1442 | D        | Found Ovveyshru's Assorted Antiques.
  1443 | D        | Found Qefisch's Antique Armour Boutique.
  1443 | D        | Found Hausee's General Store.
  1443 | D        | Found Syallaok's Magic Scroll Shop.
  1443 | D        | Found Zobang's Book Emporium.
  1483 | D        | Bought an embroidered cloak for 187 gold pieces
  1492 | D        | Bought a crystal rapier for 198 gold pieces
  1492 | D        | Identified the +4 rapier "Leviticus" {venom, Will+ Int+4}
                  | (You bought it in a shop in the Dungeon)
  1498 | D        | Bought a scroll of magic mapping for 90 gold pieces
  1498 | D        | Bought a scroll of fog for 48 gold pieces
  1498 | D        | Bought a scroll of immolation for 48 gold pieces
  1501 | D        | Bought a scroll of fear for 40 gold pieces
  1503 | D        | Bought the amulet of Tieb {Reflect Rampage Str+2 Int-4
                  | Dex+3 SH+5} for 508 gold pieces
  1517 | D        | Bought a scroll of fog for 48 gold pieces
  1517 | D        | Bought a scroll of identify for 24 gold pieces
  1517 | D        | Bought a scroll of identify for 24 gold pieces
  1520 | D        | Bought a scroll of identify for 24 gold pieces
  1608 | D        | Reached skill level 26 in Stealth
  1938 | D        | Noticed a lindwurm
  1941 | D        | Killed a lindwurm
  1949 | D        | Noticed Urug
  1950 | D        | Killed Urug
  1951 | D        | Reached skill level 27 in Stealth
  1964 | D        | Noticed a seven-headed hydra
  1964 | D        | Noticed a seven-headed hydra
  1969 | D        | Killed a seven-headed hydra
  1970 | D        | Killed a seven-headed hydra
  2170 | D        | Noticed a death drake
  2172 | D        | Killed a death drake
  2212 | D        | Found a blossoming altar of Fedhas.
  2212 | D        | Noticed a spriggan druid
  2215 | D        | Killed a spriggan druid
  2292 | D        | Reached skill level 1 in Shields
  2316 | D        | Noticed Rupert
  2319 | D        | Killed Rupert
  2320 | D        | Reached XP level 12. HP: 62/65 MP: 23/23
  2332 | D        | Noticed an azure jelly
  2332 | D        | Noticed an azure jelly
  2332 | D        | Noticed an azure jelly
  2332 | D        | Noticed an azure jelly
  2333 | D        | Noticed a dire elephant
  2333 | D        | Noticed a dire elephant
  2333 | D        | Noticed Gastronok
  2334 | D        | Killed a dire elephant
  2353 | D        | Killed a dire elephant
  2361 | D        | Killed Gastronok
  2362 | D        | Reached skill level 15 in Short Blades
  2538 | D        | Noticed a death yak
  2540 | D        | Noticed a death yak
  2549 | D        | Noticed a death yak
  2552 | D        | Noticed a death yak
  2554 | D        | Killed a death yak
  2555 | D        | Reached skill level 10 in Evocations
  2556 | D        | Killed a death yak
  2559 | D        | Killed a death yak
  2560 | D        | Reached skill level 10 in Dodging
  2691 | D        | Killed a death yak
  2942 | D        | Noticed an anaconda
  2942 | D        | Noticed an anaconda
  2944 | D        | Reached skill level 15 in Invocations
  2944 | D        | Killed an anaconda
  2945 | D        | Noticed an anaconda
  2947 | D        | Killed an anaconda
  2951 | D        | Killed an anaconda
  2962 | D        | Reached skill level 10 in Fighting
  2964 | D        | Noticed an anaconda
  2968 | D        | Killed an anaconda
  2980 | D        | Noticed a naga warrior
  2980 | D        | Noticed a nagaraja
  2980 | D        | Found Cauz Vut's Jewellery Boutique.
  2980 | D        | Found Firote's Magic Scroll Emporium.
  2983 | D        | Found Syackeabb's Antique Armour Shop.
  2983 | D        | Killed a nagaraja
  2984 | D        | Reached XP level 13. HP: 68/72 MP: 20/25
  2999 | D        | Bought a fabulously ornate robe for 153 gold pieces
  2999 | D        | Identified the +2 robe of Omission {rC+} (You bought it in
                  | a shop in the Dungeon)
  3005 | D        | Bought a scroll of acquirement for 572 gold pieces
  3031 | D        | Got a serpentine rune of Zot
  3100 | D        | Acquired a scarf of repulsion
  4363 | D        | Noticed a fire dragon
  4365 | D        | Killed a fire dragon
  4488 | D        | HP: 1/111 [+2 flail of venom (14)]
  4489 | D        | Mangled by a +2 flail of venom

Illustrated notes

Levels and vault maps discovered:
D:        dungeon_sprint_mu [sprint_mu_entry_forest, sprint_mu_temple_rooms,
          sprint_mu_d1_spiders, sprint_mu_d2_genie, sprint_mu_d3_branching,
          sprint_mu_orc_legion, sprint_mu_elf_gauntlet, sprint_mu_hive_nellie,
          sprint_mu_lair_fedhas, sprint_mu_vaults_butterflies,
          sprint_mu_slime_circle, sprint_mu_shoals_kraken,
          sprint_mu_snake_twists, sprint_mu_blade_basic, sprint_mu_crypt_lich,
          sprint_mu_tomb_spiral, sprint_mu_vestibule_basic,
          sprint_mu_gehenna_hellfire, sprint_mu_dis_giant,
          sprint_mu_tartarus_statrot, sprint_mu_cocytus_islands, sprint_mu_zot1]

Skill      XL: |  1  2  3  4  5  6  7  8  9 10 11 12 13 |
---------------+----------------------------------------+-----
Stealth        | 9 11 13 15 18 19 21 23 25 27 | 27.0
Fighting       | 2 3 4 5 6 8 10 11 | 11.2
Short Blades   | 3 4 5 7 8 9 10 13 16 17 | 17.2
Throwing       | 3 4 5 6 8 9 11 13 | 13.0
Dodging        | 2 3 4 5 6 8 11 13 | 13.0
Invocations    | 1 4 5 7 9 11 13 15 16 | 16.5
Evocations     | 1 3 6 9 12 13 | 13.0
Shields        | 1 2 |  2.8

Action                   |  1- 3 |  4- 6 |  7- 9 | 10-12 | 13-15 || total
-------------------------+-------+-------+-------+-------+-------++-------
Melee: Dagger            |     9 |    24 |    41 |    25 |       ||    99
       Punch             |       |       |       |     5 |     4 ||     9
       Rapier            |       |       |       |   128 |   169 ||   297
Throw: Dart              |     9 |       |    19 |     7 |    15 ||    50
Invok: Shadow Step       |       |       |     1 |     8 |     4 ||    13
       Shadow Form       |       |       |       |       |     1 ||     1
Evoke: Lightning rod     |       |       |    10 |    18 |     2 ||    30
       Wand              |       |       |     1 |     4 |     2 ||     7
  Use: Potion            |       |     2 |       |     2 |     8 ||    12
       Scroll            |       |       |     1 |     5 |     2 ||     8
 Stab: Sleeping          |     2 |     5 |    12 |    38 |     7 ||    64
       Distracted        |       |       |       |     1 |     2 ||     3
Armor: Robe              |       |       |       |     3 |     3 ||     6
       Skin              |       |       |       |       |     7 ||     7
Dodge: Dodged            |     4 |     9 |    12 |    68 |    65 ||   158
Block: Other             |       |       |       |    13 |    15 ||    28

Table legend: (Time is in decaauts)
 A = Elapsed time spent in this place.
 B = Non-inter-level travel time spent in this place.
 C = Inter-level travel time spent in this place.
 D = Time resting spent in this place.
 E = Time spent auto-exploring this place.
 F = Levels seen in this place.
 G = Mean time per level.
                   A        B        C        D        E       F      G
               +--------+--------+--------+--------+--------+-----+--------+
         Total |   3788 |   3765 |     23 |   2417 |      9 |   1 | 3788.0 |
       Dungeon |   3788 |   3765 |     23 |   2417 |      9 |   1 | 3788.0 |
               +--------+--------+--------+--------+--------+-----+--------+

Top non-repeatable levels by time:
       D: 3788 daAuts
